 Dungeon Crawl Stone Soup version 0.23-a0-402-g64599a1 (webtiles) character file.

97722 ozpin88 the Executioner (level 15, -3/145 HPs)
             Began as a Minotaur Berserker on Nov 5, 2018.
             Was a High Priest of Trog.
             Shot with an arrow by a deep elf master archer (5 damage)
             ... on level 3 of the Elven Halls.
             The game lasted 01:32:56 (20720 turns).

ozpin88 the Executioner (Minotaur Berserker)       Turns: 20720, Time: 01:32:59

Health: -3/145     AC: 25    Str: 30    XL:     15   Next: 72%
Magic:  14/14      EV: 19    Int:  4    God:    Trog [*****.]
Gold:   586        SH:  0    Dex: 13    Spells: 14/14 levels left

rFire    . . .     SeeInvis .   N - +9 battleaxe (chop)
rCold    . . .     Gourm    .   (shield currently unavailable)
rNeg     + . .     Faith    .   M - +7 chain mail of the Pleiades {Str+4 Dex-4 Slay+4}
rPois    .         Spirit   .   (helmet restricted)
rElec    .         Reflect  .   p - +0 cloak
rCorr    .         Harm     .   S - +2 pair of gloves
MR       ++++.                  (no boots)
Stlth    ..........             g - macabre finger necklace {rN+}
HPRegen  1.34/turn              E - ring of Past Mistakes {MR+ Dex+5 Slay+3}
MPRegen  0.14/turn              R - ring of Phasing {EV+8}
                                (no ring)

@: berserk cooldown, regenerating, slowed, studying Polearms, very slow
A: retaliatory headbutt, horns 2
a: Berserk, Trog's Hand, Brothers in Arms, Renounce Religion


You were on level 3 of the Elven Halls.
You worshipped Trog.
Trog was extremely pleased with you.
You were not hungry.

You visited 3 branches of the dungeon, and saw 16 of its levels.

You collected 2929 gold pieces.
You spent 2343 gold pieces at shops.

Inventory:

Hand Weapons
 k - a +4 battleaxe of electrocution
 x - a +6 war axe
 F - a +5 great sword of draining
 N - a +9 battleaxe of chopping (weapon)
 P - a +7 morningstar
Missiles
 v - 35 tomahawks (quivered)
Armour
 p - a +0 cloak (worn)
 M - the +7 chain mail of the Pleiades (worn) {Str+4 Dex-4 Slay+4}
   (You bought it in a shop on level 2 of the Orcish Mines)

   It affects your strength (+4).
   It affects your dexterity (-4).
   It affects your accuracy and damage with ranged weapons and melee attacks
   (+4).
 S - a +2 pair of gloves (worn)
Jewellery
 g - the macabre finger necklace (around neck) {rN+}
   (You bought it in a shop on level 2 of the Elven Halls)

   [amulet of nothing]

   It protects you from negative energy.
 E - the ring of Past Mistakes (left hand) {MR+ Dex+5 Slay+3}
   (You found it on level 7 of the Dungeon)

   [ring of slaying]

   It affects your dexterity (+5).
   It affects your accuracy and damage with ranged weapons and melee attacks
   (+3).
   It affects your resistance to hostile enchantments.
 K - the ring "Tariza" {MR+ Int+5}
   (You bought it in a shop on level 2 of the Orcish Mines)

   [ring of protection from magic]

   It affects your intelligence (+5).
   It affects your resistance to hostile enchantments.
 R - the ring of Phasing (right hand) {EV+8}
   (You found it on level 11 of the Dungeon)

   [ring of evasion]

   It affects your evasion (+8).
Wands
 h - a wand of enslavement (11)
 i - a wand of random effects (20)
 q - a wand of digging (3)
 t - a wand of acid (11)
 A - a wand of paralysis (26)
 B - a wand of iceblast (12)
Scrolls
 e - a scroll of silence
 m - 2 scrolls of teleportation
 o - a scroll of remove curse
 u - a scroll of random uselessness
 C - a scroll of torment
 G - 3 scrolls of fear
 H - 2 scrolls of identify
 I - a scroll of magic mapping
 J - 2 scrolls of enchant weapon
Potions
 a - a potion of cancellation {unknown}
 b - 2 potions of invisibility
 d - a potion of mutation
 f - 2 potions of brilliance
 j - a potion of magic {unknown}
 l - 2 potions of curing
 n - 2 potions of lignification
 s - a potion of heal wounds
 w - 2 potions of resistance
 z - 3 potions of agility
 D - a potion of might
 O - a potion of haste
Books
 r - a manual of Polearms
Comestibles
 c - 9 rations


   Skills:
 + Level 16.7 Fighting
 + Level 6.0 Long Blades
 + Level 21.2(21.4) Axes
 - Level 5.0(15.1) Polearms
 + Level 15.1 Armour
 + Level 4.5 Dodging
 - Level 1.2 Stealth
 + Level 0.1 Unarmed Combat
 - Level 0.5 Evocations


You had 14 spell levels left.
You didn't know any spells.
Your spell library was empty.

Dungeon Overview and Level Annotations

Branches:
Dungeon (11/15)            Temple (0/1) D:7            Lair (0/6) D:8
    Orc (2/2) D:11            Elf (3/3) Orc:2

Altars:
Cheibriados
Elyvilon
Fedhas
Gozag
Hepliaklqana
Makhleb
Okawaru
Qazlal
Sif Muna
Vehumet
Zin

Shops:
D:7 }   Orc:2 ?*:[   Elf:1 [   Elf:2 *}}=   Elf:3 (


Innate Abilities, Weirdness & Mutations

You reflexively headbutt those who attack you in melee.
You have a pair of horns on your head.


Message History

The deep elf blademaster completely misses you.
The deep elf blademaster hits you but does no damage.
The deep elf master archer shoots an arrow.
The arrow misses you.
A deep elf death mage comes into view. It is wielding a +0 dagger.
The deep elf blademaster hits you but does no damage.
The deep elf blademaster misses you.
You miss the deep elf blademaster.
The deep elf blademaster is almost dead.
You closely miss the deep elf master archer.
You hit the deep elf blademaster.
The deep elf blademaster barely misses you.
You furiously retaliate!
You headbutt the deep elf blademaster!
The deep elf blademaster hits you with a +0 short sword!
* * * LOW HITPOINT WARNING * * *
The deep elf master archer shoots an arrow.
The arrow hits you!
* * * LOW HITPOINT WARNING * * *
The arrow freezes you.
You die...

######
e[)$?:####
)$$$$$$).###
#$%=[$.$e/:###.
#$$..@e)e'...
####([e#####.
##### #####
....# ....##
.....#


You could see 2 deep elf blademasters, 2 deep elf master archers and a deep elf
death mage.

Vanquished Creatures
  Asterion (Elf:3)
  3 deep elf blademasters
  2 deep elf master archers (Elf:3)
  A deep elf sorcerer (Elf:3)
  Louise (Elf:2)
  A deep elf elementalist (Elf:3)
  3 deep elf annihilators (Elf:3)
  3 deep elf death magi
  2 hydras (D:11)
  Erolcha (D:9)
  21 dancing weapons
  4 orc high priests
  26 deep elf knights
  Nergalle (D:10)
  An unseen horror (D:11)
  A lindwurm (Orc:1)
  13 deep elf archers
  5 orc knights
  39 deep elf magi
  7 orc sorcerers
  2 cyclopes
  A komodo dragon (shapeshifter) (Elf:1)
  8 trolls
  A meliai (shapeshifter) (Elf:3)
  Prince Ribbit (D:9)
  4 hippogriffs
  4 air elementals
  14 yaks
  A shadow (D:5)
  Sigmund (D:4)
  8 water elementals
  A wraith (D:11)
  Eustachio (D:6)
  A spriggan (D:10)
  2 fire elementals (Elf:1)
  A hungry ghost (D:7)
  A basilisk (D:8)
  Menkaure (D:6)
  6 wargs
  An acid dragon (D:9)
  4 porcupines (D:8)
  Duvessa (D:7)
  An ice beast (D:6)
  2 sky beasts
  5 black bears
  18 orc warriors
  5 centaurs
  9 ogres
  3 phantoms
  A wolf (D:8)
  2 crocodiles (D:8)
  A big kobold (D:11)
  A bullfrog (D:5)
  2 earth elementals
  Dowan (D:7)
  A wyvern skeleton (D:10)
  3 scorpions
  4 jellies
  11 killer bees
  3 electric eels (D:9)
  7 wights
  5 crimson imps
  3 hounds
  A quasit (D:8)
  4 bullfrog zombies
  A bullfrog skeleton (D:5)
  16 orc priests
  2 centaur skeletons
  22 orc wizards
  Jessica (D:2)
  3 iguanas
  9 worker ants
  16 adders
  7 gnolls
  2 shadow imps
  A worm (D:8)
  4 dart slugs
  4 leopard geckos
  79 orcs
  2 ball pythons
  6 bats
  8 giant cockroaches
  8 hobgoblins
  14 jackals
  2 quokkas
  5 frilled lizards
  5 goblins
  A jackal skeleton (D:4)
  A jackal zombie (D:7)
  16 kobolds
  3 rats
  4 fungi (Elf:3)
  6 plants (D:9)
542 creatures vanquished.

Vanquished Creatures (collateral kills)
  A deep elf sorcerer (Elf:3)
  A deep elf mage (Elf:3)
2 creatures vanquished.

Vanquished Creatures (others)
  15 plants
15 creatures vanquished.

Grand Total: 559 creatures vanquished

Notes
Turn   | Place    | Note
-------+----------+-------------------------------------------
     0 | D:1      | ozpin88 the Minotaur Berserker began the quest for the Orb.
     0 | D:1      | Reached XP level 1. HP: 19/19 MP: 0/0
   322 | D:1      | Reached XP level 2. HP: 24/27 MP: 1/1
  1005 | D:1      | Reached XP level 3. HP: 34/34 MP: 2/2
  1118 | D:1      | Reached ** piety under Trog
  1164 | D:2      | Noticed Jessica
  1172 | D:2      | Killed Jessica
  1172 | D:2      | Reached XP level 4. HP: 41/41 MP: 3/3
  1333 | D:2      | Reached skill level 5 in Long Blades
  1776 | D:2      | Reached skill level 5 in Fighting
  1776 | D:2      | Reached XP level 5. HP: 40/48 MP: 4/4
  2117 | D:3      | Found a white marble altar of Elyvilon.
  2676 | D:3      | Reached *** piety under Trog
  2838 | D:3      | Reached skill level 1 in Polearms
  2841 | D:3      | Reached XP level 6. HP: 55/56 MP: 5/5
  2921 | D:3      | Found a glowing silver altar of Zin.
  3118 | D:4      | Found a hazy altar of Hepliaklqana.
  3126 | D:4      | Received a gift from Trog
  3163 | D:4      | Reached skill level 1 in Stealth
  3345 | D:4      | Reached XP level 7. HP: 61/61 MP: 6/6
  3353 | D:4      | Found a white marble altar of Elyvilon.
  3554 | D:4      | Noticed Sigmund
  3560 | D:4      | Killed Sigmund
  3560 | D:4      | Reached skill level 5 in Armour
  3660 | D:5      | Entered Level 5 of the Dungeon
  3894 | D:5      | Found a stormy altar of Qazlal.
  3901 | D:5      | Reached skill level 1 in Axes
  4150 | D:5      | Reached skill level 5 in Polearms
  4280 | D:5      | Reached skill level 2 in Axes
  4280 | D:5      | Reached XP level 8. HP: 43/70 MP: 7/7
  4550 | D:5      | Reached skill level 3 in Axes
  4624 | D:5      | Reached skill level 4 in Axes
  4779 | D:5      | Reached skill level 5 in Axes
  5132 | D:6      | Noticed Menkaure
  5138 | D:6      | Killed Menkaure
  5139 | D:6      | Reached skill level 6 in Axes
  5140 | D:6      | Reached **** piety under Trog
  5197 | D:6      | Found a snail-covered altar of Cheibriados.
  5243 | D:6      | Noticed Eustachio
  5254 | D:6      | Killed Eustachio
  5286 | D:6      | Reached XP level 9. HP: 71/78 MP: 8/8
  5331 | D:6      | Found a burning altar of Makhleb.
  5423 | D:6      | Reached skill level 7 in Axes
  5834 | D:7      | Noticed Duvessa
  5834 | D:7      | Noticed Dowan
  5840 | D:7      | Killed Duvessa
  5844 | D:7      | Killed Dowan
  5945 | D:7      | Reached skill level 8 in Axes
  6333 | D:7      | Found an iron altar of Okawaru.
  6334 | D:7      | Found a blossoming altar of Fedhas.
  6416 | D:7      | Found a staircase to the Ecumenical Temple.
  6475 | D:7      | Found an opulent altar of Gozag.
  6553 | D:7      | Got a twitching steel ring
  6555 | D:7      | Identified the ring of Past Mistakes {MR+ Dex+5 Slay+3}
                  | (You found it on level 7 of the Dungeon)
  6564 | D:7      | Reached skill level 9 in Axes
  6907 | D:7      | Found Qiyneam's Gadget Emporium.
  7160 | D:8      | Reached skill level 10 in Axes
  7215 | D:8      | Reached XP level 10. HP: 69/90 MP: 9/9
  7219 | D:8      | Found a staircase to the Lair.
  7251 | D:8      | Reached ***** piety under Trog
  7758 | D:8      | Noticed Blork the orc
  7760 | D:8      | Noticed Blork
  7760 | D:8      | Blork the orc changed into Blork the worm
  7764 | D:8      | Killed Blork the worm
  7769 | D:8      | Found a deep blue altar of Sif Muna.
  8036 | D:8      | Reached skill level 11 in Axes
  8272 | D:8      | You fall through a shaft for 2 floors!
  8272 | D:10     | Entered Level 10 of the Dungeon
  8293 | D:9      | Noticed Prince Ribbit
  8299 | D:9      | Killed Prince Ribbit
  8367 | D:9      | Noticed Erolcha
  8372 | D:9      | Killed Erolcha
  8530 | D:9      | Reached skill level 12 in Axes
  9803 | D:9      | Reached skill level 10 in Armour
 10148 | D:10     | Received a gift from Trog
 10306 | D:10     | Reached XP level 11. HP: 99/99 MP: 10/10
 10376 | D:10     | Reached skill level 10 in Fighting
 10422 | D:10     | Noticed Nergalle
 10424 | D:10     | Noticed a spectral orc warlord
 10435 | D:10     | Killed Nergalle
 10532 | D:10     | Reached skill level 13 in Axes
 10870 | D:11     | Found a staircase to the Orcish Mines.
 11093 | D:11     | Found the ring of Phasing {EV+8}
 11114 | D:11     | Noticed a four-headed hydra
 11122 | D:11     | Killed a six-headed hydra
 11122 | D:11     | Reached skill level 14 in Axes
 11246 | D:11     | Identified a scroll of acquirement
 11466 | D:11     | Received a gift from Trog
 11750 | D:11     | Noticed a seven-headed hydra
 11760 | D:11     | Killed a 13-headed hydra
 12249 | D:11     | Killed an unseen horror
 12369 | Orc:1    | Entered Level 1 of the Orcish Mines
 12375 | Orc:1    | Noticed an orc knight
 12530 | Orc:1    | Killed an orc knight
 12530 | Orc:1    | Reached XP level 12. HP: 110/110 MP: 11/11
 12570 | Orc:1    | Reached skill level 15 in Axes
 12770 | Orc:2    | Entered Level 2 of the Orcish Mines
 13202 | Orc:2    | Found a staircase to the Elven Halls.
 13272 | Orc:2    | Found Quoxiduxt's Armour Shop.
 13287 | Orc:2    | Received a gift from Trog
 13290 | Orc:2    | Noticed an orc high priest
 13304 | Orc:2    | Noticed an orc high priest
 13305 | Orc:2    | HP: 4/110 [orc high priest/divine providence (12)]
 13664 | Orc:1    | Reached skill level 16 in Axes
 14212 | Orc:2    | Killed an orc high priest
 14218 | Orc:2    | Killed an orc high priest
 14714 | Orc:2    | Noticed an orc high priest
 14721 | Orc:2    | Killed an orc high priest
 14844 | Orc:2    | Found Ismol's Book Shoppe.
 14953 | Orc:2    | Found Exosed's Assorted Antiques.
 14955 | Orc:2    | Found Votua's Magic Scroll Shop.
 14964 | Orc:2    | Bought a scroll of enchant weapon for 127 gold pieces
 14967 | Orc:2    | Bought a shimmering lapis lazuli ring for 155 gold pieces
 14968 | Orc:2    | Identified the ring "Tariza" {MR+ Int+5} (You bought it in
                  | a shop on level 2 of the Orcish Mines)
 15008 | Orc:2    | Bought the +7 chain mail of the Pleiades {Str+4 Dex-4
                  | Slay+4} for 1076 gold pieces
 15141 | Elf:1    | Entered Level 1 of the Elven Halls
 15262 | Elf:1    | Noticed a deep elf death mage
 15263 | Elf:1    | Found a radiant altar of Vehumet.
 15269 | Elf:1    | Killed a deep elf death mage
 15270 | Elf:1    | Reached XP level 13. HP: 119/119 MP: 12/12
 15272 | Elf:1    | Killed a ghostly deep elf death mage
 15272 | Elf:1    | Reached skill level 17 in Axes
 16057 | Elf:1    | Reached skill level 18 in Axes
 16544 | Elf:1    | Received a gift from Trog
 16893 | Elf:1    | Found Oxan's Armour Shoppe.
 16909 | Elf:1    | Reached XP level 14. HP: 130/130 MP: 13/13
 16965 | Elf:1    | Reached skill level 19 in Axes
 17884 | Elf:2    | Received a gift from Trog
 17894 | Elf:2    | Found Tadumelu's Jewellery Emporium.
 17894 | Elf:2    | Found Owniv's Gadget Shop.
 17895 | Elf:2    | Found Foiplaba's Gadget Shop.
 17902 | Elf:2    | Bought the macabre finger necklace {rN+} for 760 gold
                  | pieces
 17902 | Elf:2    | Found the macabre finger necklace {rN+}
 17957 | Elf:2    | Found Nedwozon's Assorted Antiques.
 17970 | Elf:2    | Bought a potion of heal wounds for 225 gold pieces
 18408 | Elf:2    | Noticed a deep elf blademaster
 18420 | Elf:2    | Killed a deep elf blademaster
 18420 | Elf:2    | Reached skill level 15 in Fighting
 18420 | Elf:2    | Reached skill level 20 in Axes
 18491 | Elf:2    | Found a runed gate.
 18491 | Elf:2    | Found a runed gate.
 18491 | Elf:2    | Found a runed gate.
 19133 | Elf:2    | Reached XP level 15. HP: 137/141 MP: 14/14
 19492 | Elf:2    | Noticed Louise
 19500 | Elf:2    | Killed Louise
 19547 | Elf:3    | Entered Level 3 of the Elven Halls
 19576 | Elf:3    | Got a jade-encrusted leather armour
 19635 | Elf:3    | Found Hus Ushrelua's Antique Weapon Shoppe.
 19772 | Elf:3    | Noticed a deep elf blademaster
 19772 | Elf:3    | Noticed Asterion
 19773 | Elf:3    | Noticed a deep elf master archer
 19774 | Elf:3    | Noticed a deep elf blademaster
 19775 | Elf:3    | Noticed a deep elf master archer
 19775 | Elf:3    | Noticed a deep elf sorcerer
 19780 | Elf:3    | Noticed a deep elf sorcerer
 19781 | Elf:3    | Killed Asterion
 19783 | Elf:3    | Killed a deep elf blademaster
 19786 | Elf:3    | Killed a deep elf sorcerer
 19789 | Elf:3    | Killed a deep elf master archer
 20244 | Elf:3    | Reached ****** piety under Trog
 20297 | Elf:3    | Killed a deep elf master archer
 20297 | Elf:3    | Reached skill level 21 in Axes
 20689 | Elf:3    | Identified the cursed +3 great mace "Weuckavawu" {protect,
                  | +Rage Int+6 Dex-4}
 20690 | Elf:3    | Killed a deep elf blademaster
 20694 | Elf:3    | Noticed a deep elf sorcerer
 20696 | Elf:3    | Reached skill level 15 in Armour
 20697 | Elf:3    | Noticed a deep elf master archer
 20706 | Elf:3    | Killed a deep elf sorcerer
 20714 | Elf:3    | Noticed a deep elf blademaster
 20714 | Elf:3    | Noticed a deep elf master archer
 20715 | Elf:3    | Noticed a deep elf blademaster
 20716 | Elf:3    | Noticed a deep elf master archer
 20720 | Elf:3    | HP: 2/145 [deep elf master archer/arrow (15)]
 20720 | Elf:3    | Shot with an arrow by a deep elf master archer

Vault maps used:
D:1:      grunt_arrival_crossed_arrows
D:2:      serial_forest, infiniplex_forest_zigzag_1,
          infiniplex_forest_lined_room_2, infiniplex_forest_straight_3,
          infiniplex_forest_clump_medium, infiniplex_forest_straight_4,
          infiniplex_forest_clump_diagonal, infiniplex_forest_pool,
          infiniplex_forest_end_double, uniq_jessica
D:3:      lemuel_crystal_altar, elyvilon_altar_4
D:4:      lemuel_doored_altar, marbit_many_paths, uniq_sigmund
D:5:      old_standard_altar, first_ration, kennysheep_minor_cross,
          minmay_manual_moon
D:6:      general_overflow_altar, kennysheep_mini, serial_glass,
          glass_columns_c, glass_columns_a, glass_columns_a, glass_columns_b,
          glass_columns_b, glass_columns_a, glass_columns_a, glass_columns_b,
          glass_columns_c, glass_columns_a, glass_columns_b, glass_columns_b,
          glass_columns_c, glass_columns_c, item_on_display_a, uniq_eustachio,
          uniq_menkaure
D:7:      lemuel_crystal_altar, gammafunk_temple_overflow_statue,
          minmay_temple_entry_nine_rooms, serial_shops,
          nicolae_shop_behind_doors, uniq_duvessa
D:8:      tgw_sif, minmay_lair_entry_grove
D:9:      serial_bayou, serial_bayou_pond_c, serial_bayou_ford_a,
          serial_bayou_pond_d, serial_bayou_lake_a, minmay_misc_feat_square,
          uniq_erolcha, uniq_prince_ribbit1
D:10:     grunt_pizzeria, uniq_nergalle
D:11:     david_orc_1_choice, minmay_tree_intersection, minmay_item_behind_shaft
Orc:1:    nicolae_volcano_entry_vermiform
Orc:2:    st_orc_elflike
Elf:1:    eino_elf_arrival_altar, serial_shops, shop, minivault_28,
          hangedman_elf_targetted_burst, minmay_misc_feat_pillars
Elf:2:    serial_shops, shop, minmay_shop_grove, uniq_louise
Elf:3:    minmay_elf_hall, serial_shops, shop, uniq_asterion

Skill      XL: |  1  2  3  4  5  6  7  8  9 10 11 12 13 14 15 |
---------------+----------------------------------------------+-----
Fighting       | 4 5 6 8 9 11 12 13 15 16 | 16.7
Long Blades    | 4 5 6 |  6.0
Armour         | 3 4 6 7 8 10 11 12 13 14 15 | 15.1
Polearms       | 1 3 5 |  5.0
Stealth        | 1 |  1.2
Dodging        | 3 4 |  4.5
Axes           | 2 6 10 12 14 16 18 20 21 | 21.2
Unarmed Combat | |  0.1
Evocations     | |  0.5

Action                   |  1- 3 |  4- 6 |  7- 9 | 10-12 | 13-15 || total
-------------------------+-------+-------+-------+-------+-------++-------
Melee: Falchion          |    55 |    46 |       |       |       ||   101
       Headbutt          |    11 |    21 |    42 |   105 |    66 ||   245
       Spear             |       |   144 |       |       |       ||   144
       Battleaxe         |       |       |   241 |   443 |   322 ||  1006
       Unarmed           |       |       |       |     1 |       ||     1
Invok: Berserk           |     1 |     3 |     6 |    13 |    15 ||    38
       Trog's Hand       |       |     1 |       |     2 |     4 ||     7
       Brothers in Arms  |       |       |       |     1 |     1 ||     2
Evoke: Wand              |       |       |     1 |     6 |       ||     7
  Use: Scroll            |       |     4 |    10 |    14 |     4 ||    32
       Potion            |       |       |       |     2 |     7 ||     9
 Stab: Distracted        |       |       |       |       |     1 ||     1
  Eat: Chunk             |     1 |     8 |    15 |    16 |    19 ||    59
       Ration            |       |     1 |     3 |     7 |     4 ||    15
Armor: Animal skin       |     7 |       |       |       |       ||     7
       Chain mail        |    30 |   111 |    98 |     1 |   123 ||   363
       Plate armour      |       |       |   114 |   296 |       ||   410
Dodge: Dodged            |    30 |    72 |   140 |   202 |   133 ||   577
       Rpst.: Falchion   |     9 |     3 |       |       |       ||    12

Table legend:
 A = Non-vault XP
 B = Vault XP
 C = Vault XP percentage of total XP
 D = Non-vault monster count
 E = Vault monster count
 F = Vault count percentage of total count
                 A         B        C        D         E       F
            +---------+---------+-------+---------+---------+-------
      Total |   64741 |   74862 |  53.6 |     408 |     126 |  23.6
            +---------+---------+-------+---------+---------+-------
        D:1 |      60 |       0 |   0.0 |      26 |       0 |   0.0
        D:2 |     102 |      37 |  26.6 |      16 |       1 |   5.9
        D:3 |     185 |       0 |   0.0 |      28 |       0 |   0.0
        D:4 |     337 |     253 |  42.9 |      23 |       2 |   8.0
        D:5 |     768 |     383 |  33.3 |      24 |       3 |  11.1
        D:6 |     505 |     377 |  42.7 |      14 |       2 |  12.5
        D:7 |    1348 |     211 |  13.5 |      21 |       2 |   8.7
        D:8 |    1002 |    1628 |  61.9 |      14 |      14 |  50.0
        D:9 |    2074 |    1226 |  37.2 |      34 |       2 |   5.6
       D:10 |    2321 |     993 |  30.0 |      29 |       2 |   6.5
       D:11 |    6642 |     609 |   8.4 |      47 |       9 |  16.1
      Orc:1 |    4062 |    1300 |  24.2 |      37 |       2 |   5.1
      Orc:2 |    2170 |    7798 |  78.2 |      16 |      24 |  60.0
      Elf:1 |   27926 |    9874 |  26.1 |      49 |      19 |  27.9
      Elf:2 |    5380 |   26681 |  83.2 |      11 |      31 |  73.8
      Elf:3 |    9859 |   23492 |  70.4 |      19 |      13 |  40.6
            +---------+---------+-------+---------+---------+-------
